[Event "Titled Tuesday Blitz July 25 Late 2023"]
[White "UgarteCesar"]
[Black "Spichkin, Alexander"]
[BlackFideId "4144074"]
[WhiteElo "2283"]
[BlackElo "2465"]
[Result "1-0"]
[Round "3"]
[TimeControl "180+2"]
[Date "2023.07.25"]
[WhiteClock "0:00:16"]
[BlackClock "0:00:00"]
[Board "172"]

1. c4 f5 2. b3 Nf6 3. Bb2 e6 4. g3 Be7 5. Bg2 d6 6. d3 O-O 7. Nd2 e5 8. Ngf3 Nc6 9. O-O Qe8 10. e3 Qh5 11. Ne1 Qh6 12. Nc2 f4 13. exf4 exf4 14. Ne4 Bh3 15. Nxf6+ Bxf6 16. Bxf6 Rxf6 17. f3 fxg3 18. hxg3 Ne5 19. Qe2 Raf8 20. f4 Bg4 21. Qe4 Bf5 22. Qd5+ Be6 23. Qe4 Ng4 24. Rf3 Qh2+ 25. Kf1 c6 26. Re1 d5 27. Qe2 Bf5 28. Nd4 Qh5 29. Nxf5 Rxf5 30. Kg1 Qh2+ 31. Kf1 Rh5 32. Qe6+ Kh8 33. Qxg4 Rh6 34. Kf2 Rg6 35. Qh3 Qxh3 36. Bxh3 dxc4 37. dxc4 Rd6 38. Re2 Rd2 39. Rxd2 h6 40. Rd7 b5 41. Re3 bxc4 42. bxc4 Rb8 43. Ree7 Rb2+ 44. Kf3 Rxa2 45. Bf5 1-0


[Site "https://www.chess.com"]

[Event "Titled Tuesday Blitz July 25 Late 2023"]
[White "Ocido, Michael"]
[Black "EdmundPlayer"]
[WhiteFideId "115201920"]
[WhiteElo "2457"]
[BlackElo "2275"]
[Result "1-0"]
[Round "3"]
[TimeControl "180+2"]
[Date "2023.07.25"]
[WhiteClock "0:00:27"]
[BlackClock "0:00:00"]
[Board "173"]

1. d4 d5 2. c4 dxc4 3. e3 e5 4. Bxc4 exd4 5. exd4 Nf6 6. Nf3 Bb4+ 7. Nc3 O-O 8. O-O Bg4 9. Be3 Bd6 10. h3 Bh5 11. Be2 Nc6 12. Re1 Re8 13. Qb3 Qc8 14. Rac1 a6 15. Na4 Qb8 16. Nc5 b6 17. Nxa6 Qb7 18. a3 Na5 19. Qd3 Bg6 20. Qb5 Be4 21. Nb4 Nb3 22. Rc3 Ra5 23. Qc4 Bxb4 24. Qxb4 Bd5 25. Rxb3 Bxb3 26. Qxb3 Ne4 27. Ne5 c5 28. Bf3 cxd4 29. Bxe4 1-0


[Site "https://www.chess.com"]

[Event "Titled Tuesday Blitz July 25 Late 2023"]
[White "Georg, Heinz"]
[Black "ExchangeAB"]
[WhiteFideId "4607295"]
[WhiteElo "2265"]
[BlackElo "2452"]
[Result "1-0"]
[Round "3"]
[TimeControl "180+2"]
[Date "2023.07.25"]
[WhiteClock "0:00:15"]
[BlackClock "0:00:08"]
[Board "174"]

1. c4 c6 2. Nf3 Nf6 3. e3 d5 4. Nc3 g6 5. b3 Bg7 6. Bb2 O-O 7. d4 Ne4 8. Bd3 Nxc3 9. Bxc3 Bf5 10. Bxf5 gxf5 11. O-O e6 12. a4 Bf6 13. a5 Kh8 14. Kh1 Rg8 15. g3 Nd7 16. Ne5 Bxe5 17. dxe5 Nc5 18. Bd4 Qe7 19. Bxc5 Qxc5 20. Qd4 Qb4 21. Qh4 Rg6 22. Rfb1 Rc8 23. Ra4 Qc5 24. Qd4 Qxd4 25. exd4 f4 26. Kg2 fxg3 27. hxg3 Rcg8 28. Kf3 Rg4 29. c5 Re4 30. Rd1 Rf8 31. Kg2 f6 32. f4 fxe5 33. dxe5 Rxa4 34. bxa4 a6 35. Kf3 Rf7 36. g4 Kg7 37. Ke3 Kf8 38. Rh1 Ke8 39. Rh6 Ke7 40. Rh5 Rg7 41. Kf3 Kf7 42. f5 Ke8 43. f6 Rf7 44. Kf4 Kd7 45. Rg5 Ke8 46. Rg8+ Rf8 47. Rg7 Rf7 48. Rg8+ Rf8 49. Rg5 Rf7 50. Rh5 Kf8 51. g5 Ke8 52. Rh1 Kf8 53. Rg1 Ke8 54. Rb1 Kd8 55. Kg4 Ke8 56. Kh5 Kf8 57. g6 hxg6+ 58. Kxg6 Ke8 59. Rh1 Rf8 60. Rh7 Rg8+ 61. Rg7 Rh8 62. Rxb7 1-0


[Site "https://www.chess.com"]

[Event "Titled Tuesday Blitz July 25 Late 2023"]
[White "MateoReyes"]
[Black "Vafin, Ayrat"]
[BlackFideId "4146530"]
[WhiteElo "2450"]
[BlackElo "2264"]
[Result "1-0"]
[Round "3"]
[TimeControl "180+2"]
[Date "2023.07.25"]
[WhiteClock "0:01:07"]
[BlackClock "0:00:02"]
[Board "175"]

1. Nf3 d5 2. d4 Nf6 3. c4 e6 4. Nc3 Be7 5. Bg5 O-O 6. e3 b6 7. cxd5 Nxd5 8. Bxe7 Nxe7 9. Bd3 Bb7 10. O-O Nd7 11. Rc1 c5 12. Qe2 Rc8 13. Ba6 Bxa6 14. Qxa6 Rc7 15. Nb5 Nb8 16. Qa3 Rb7 17. dxc5 bxc5 18. Rxc5 Nd7 19. Rc2 Rxb5 20. Qxa7 Rd5 21. e4 Rd3 22. Qa6 Rxf3 23. gxf3 Ng6 24. Kh1 Nf4 25. Rg1 Qh4 26. Qd6 Nf6 27. Rc5 Nh3 28. Rg3 Nxf2+ 29. Kg2 N6xe4 30. fxe4 Nxe4 31. Qd4 Qxg3+ 32. hxg3 Nxc5 33. Qxc5 Ra8 34. a4 h6 35. a5 g5 36. a6 Kg7 37. a7 Kg6 38. Qb6 f5 39. Qb8 Rxb8 40. axb8=Q Kh5 41. Qe8+ Kg4 42. Qxe6 h5 43. Qe2# 1-0


[Site "https://www.chess.com"]

[Event "Titled Tuesday Blitz July 25 Late 2023"]
[White "Thiel, Thomas"]
[Black "szachmistrz2500"]
[WhiteFideId "4615964"]
[WhiteElo "2261"]
[BlackElo "2450"]
[Result "1-0"]
[Round "3"]
[TimeControl "180+2"]
[Date "2023.07.25"]
[WhiteClock "0:01:09"]
[BlackClock "0:00:57"]
[Board "176"]

1. e4 c5 2. Nc3 e6 3. Nge2 Nc6 4. g3 a6 5. Bg2 d6 6. O-O Nf6 7. d4 cxd4 8. Nxd4 Bd7 9. Nxc6 Bxc6 10. a4 Be7 11. a5 O-O 12. Be3 Nd7 13. Na4 Rc8 14. Nb6 Nxb6 15. Bxb6 Qd7 16. Re1 Bd8 17. Bxd8 Rfxd8 18. c3 d5 19. exd5 Bxd5 20. Bxd5 Qxd5 21. Qxd5 Rxd5 22. Ra4 Rb5 23. Re2 Rcc5 24. Rd2 g6 25. Ra2 Rxa5 26. Rxa5 Rxa5 27. Rd7 Rb5 28. b4 h5 29. h4 Kf8 30. Kg2 Ke8 31. Rc7 b6 32. Rb7 Kf8 33. Kf3 Kg7 34. Ke4 Kf6 35. Kd4 Rd5+ 36. Ke3 Re5+ 37. Kd3 Rf5 38. Ke3 Re5+ 39. Kd3 b5 40. Rb6 Kf5 41. Rxa6 Kg4 42. c4 bxc4+ 43. Kxc4 Kf3 44. Ra2 Re4+ 45. Kc5 Re5+ 46. Kc6 Re1 47. b5 Rc1+ 48. Kb7 f6 49. b6 g5 50. Ka8 Rb1 51. b7 gxh4 52. gxh4 e5 53. b8=Q Rxb8+ 54. Kxb8 f5 55. Kc7 e4 56. Kd6 f4 57. Ke5 e3 58. fxe3 fxe3 59. Kf5 e2 60. Rxe2 Kxe2 61. Kg5 1-0


[Site "https://www.chess.com"]

[Event "Titled Tuesday Blitz July 25 Late 2023"]
[White "Chemin, Justo Reinaldo"]
[Black "SilverCityIndigo"]
[WhiteFideId "2101580"]
[WhiteElo "2253"]
[BlackElo "2443"]
[Result "1/2-1/2"]
[Round "3"]
[TimeControl "180+2"]
[Date "2023.07.25"]
[WhiteClock "0:01:23"]
[BlackClock "0:01:31"]
[Board "177"]

1. e4 c5 2. Nf3 e6 3. Nc3 a6 4. d3 b5 5. g3 Bb7 6. Bg2 b4 7. Nb1 f5 8. Nbd2 Nf6 9. exf5 exf5 10. O-O Be7 11. Re1 O-O 12. Nc4 d6 13. Ng5 Bxg2 14. Ne6 Qc8 15. Kxg2 Rf7 16. Ng5 Qb7+ 17. Qf3 Qxf3+ 18. Kxf3 Nc6 19. Nxf7 Nd4+ 20. Kg2 Kxf7 21. Bf4 Nxc2 22. Nxd6+ Bxd6 23. Bxd6 Nxa1 24. Rxa1 Rc8 25. Rc1 Nd7 26. d4 c4 27. Bxb4 Nf6 28. Bc5 Rb8 29. Ba3 Rc8 30. Bc5 Rb8 31. Ba3 Rc8 32. Bc5 1/2-1/2


[Site "https://www.chess.com"]

[Event "Titled Tuesday Blitz July 25 Late 2023"]
[White "The_Straightforward_Rook"]
[Black "Vaglio Munoz, Jaime"]
[BlackFideId "6500145"]
[WhiteElo "2420"]
[BlackElo "2243"]
[Result "0-1"]
[Round "3"]
[TimeControl "180+2"]
[Date "2023.07.25"]
[WhiteClock "0:00:08"]
[BlackClock "0:00:02"]
[Board "178"]

1. d4 c6 2. c4 b5 3. cxb5 cxb5 4. e4 Bb7 5. Bxb5 Bxe4 6. Nf3 Nf6 7. O-O e6 8. Nc3 Bc6 9. Bxc6 Nxc6 10. d5 Ne7 11. Bg5 Ng6 12. dxe6 dxe6 13. Bxf6 gxf6 14. Qa4+ Qd7 15. Nb5 Rb8 16. Nc7+ Ke7 17. Qxa7 Rc8 18. Rac1 Bh6 19. Rfd1 Bxc1 20. Rxd7+ Kxd7 21. Nd5+ Kd6 22. Nxf6 Rhd8 23. Ne4+ Kd5 24. Nc3+ Kd6 25. Qxf7 Rd7 26. Ne4+ Kc7 27. Neg5 Rxf7 28. Nxf7 Kd7 29. b3 Bf4 30. g3 Ke7 31. N7g5 Bxg5 32. Nxg5 h6 33. Ne4 Rc2 34. a4 Ne5 35. Kg2 Nd3 36. a5 Ra2 37. Kf3 Rxa5 38. Ke3 Ne5 39. f3 Rb5 40. Kf4 Ng6+ 41. Kg4 Rxb3 42. Kh5 Ne5 43. f4 Nf3 44. h4 Nd4 45. Kxh6 Nf5+ 46. Kg5 Nxg3 47. h5 Nxe4+ 48. Kg6 Rg3+ 49. Kh6 Kf7 50. Kh7 Rg7+ 51. Kh6 Nf6 52. f5 Ng4# 0-1


[Site "https://www.chess.com"]

[Event "Titled Tuesday Blitz July 25 Late 2023"]
[White "Quirke, Jeffrey"]
[Black "Uzcategui Rodriguez, Alejandro"]
[WhiteFideId "2013029"]
[BlackFideId "3903400"]
[WhiteElo "2193"]
[BlackElo "2412"]
[Result "0-1"]
[Round "3"]
[TimeControl "180+2"]
[Date "2023.07.25"]
[WhiteClock "0:00:01"]
[BlackClock "0:00:04"]
[Board "180"]

1. c4 e5 2. g3 Nf6 3. Bg2 d5 4. cxd5 Nxd5 5. Nc3 Nb6 6. d3 Be7 7. Nf3 Nc6 8. O-O O-O 9. a3 Re8 10. b4 Bf8 11. Bb2 a5 12. b5 Nd4 13. Rc1 Bg4 14. e3 Nxf3+ 15. Bxf3 Bxf3 16. Qxf3 Qxd3 17. Qxb7 Nc4 18. Rfd1 Qg6 19. Ba1 Bxa3 20. Nd5 Nb6 21. Rxc7 Nxd5 22. Qxd5 Bf8 23. b6 Qxb6 24. Qxf7+ Kh8 25. Rb7 Qf6 26. Rdd7 Qxf7 27. Rxf7 a4 28. h4 a3 29. h5 h6 30. f4 Reb8 31. Bxe5 Rxb7 32. Rxb7 a2 33. Ba1 Rc8 34. Bd4 Rc1+ 35. Kg2 a1=Q 36. Bxa1 Rxa1 37. Rb8 Kg8 38. g4 Kf7 39. g5 Ra3 40. Kf3 hxg5 41. fxg5 Bc5 42. g6+ Kf6 43. Re8 Bd6 44. Ke4 Kg5 45. Rg8 Ra4+ 46. Kf3 Be5 47. h6 Kxh6 48. Re8 Bf6 49. Re6 Kxg6 50. e4 Ra3+ 51. Kf4 Rh3 52. e5 Rh4+ 53. Kg3 Re4 54. exf6 Rxe6 55. fxg7 Kxg7 0-1


[Site "https://www.chess.com"]

[Event "Titled Tuesday Blitz July 25 Late 2023"]
[White "Winslow, Elliott"]
[Black "Rios Escobar, Adan"]
[WhiteFideId "2002523"]
[BlackFideId "3403645"]
[WhiteElo "2171"]
[BlackElo "2408"]
[Result "0-1"]
[Round "3"]
[TimeControl "180+2"]
[Date "2023.07.25"]
[WhiteClock "0:00:04"]
[BlackClock "0:00:08"]
[Board "181"]

1. e4 c5 2. Nf3 d6 3. d4 cxd4 4. Nxd4 Nf6 5. Nc3 a6 6. Be2 e5 7. Nb3 Be6 8. O-O Nbd7 9. a4 Rc8 10. f3 Be7 11. Nd5 Nxd5 12. exd5 Bf5 13. c4 O-O 14. Be3 Bg5 15. Qd2 Bxe3+ 16. Qxe3 Bg6 17. a5 f5 18. f4 Kh8 19. fxe5 Nxe5 20. Nd4 Re8 21. Ne6 Nxc4 22. Bxc4 Rxc4 23. Nxd8 Rxe3 24. Nxb7 Rc2 25. Rf2 Rxf2 26. Kxf2 Rd3 27. Rc1 h6 28. b4 Rxd5 29. Rc6 Rd4 30. b5 axb5 31. a6 Ra4 32. Nxd6 f4 33. Nxb5 Be4 34. Re6 Ra2+ 35. Ke1 Bxg2 36. a7 f3 37. Nd4 f2+ 0-1


[Site "https://www.chess.com"]

[Event "Titled Tuesday Blitz July 25 Late 2023"]
[White "Nunez V, Gustavo Eduardo"]
[Black "Oliveira, Tiago Batista"]
[WhiteFideId "4403690"]
[BlackFideId "2108291"]
[WhiteElo "2406"]
[BlackElo "2155"]
[Result "1-0"]
[Round "3"]
[TimeControl "180+2"]
[Date "2023.07.25"]
[WhiteClock "0:01:30"]
[BlackClock "0:00:25"]
[Board "182"]

1. e4 e5 2. Nc3 Nc6 3. g3 Bc5 4. Bg2 Nf6 5. h3 h6 6. Nge2 O-O 7. O-O a5 8. d3 Qe7 9. Kh2 Nd4 10. f4 Nxe2 11. Qxe2 exf4 12. gxf4 d6 13. Be3 Bxe3 14. Qxe3 Bd7 15. Rae1 Bc6 16. Rf2 Rae8 17. e5 Bxg2 18. Rxg2 Nh7 19. Reg1 g6 20. d4 dxe5 21. fxe5 Qh4 22. Rg4 Qh5 23. Nd5 c5 24. c3 cxd4 25. cxd4 Re6 26. Nf4 Qf5 27. Nxe6 Qxe6 28. Qxh6 g5 29. Rxg5+ Nxg5 30. Rxg5+ 1-0


[Site "https://www.chess.com"]

[Event "Titled Tuesday Blitz July 25 Late 2023"]
[White "Rakitic2010"]
[Black "Cardenas Carbajal, Nilson"]
[BlackFideId "8401128"]
[WhiteElo "2405"]
[BlackElo "2127"]
[Result "1-0"]
[Round "3"]
[TimeControl "180+2"]
[Date "2023.07.25"]
[WhiteClock "0:01:39"]
[BlackClock "0:01:29"]
[Board "183"]

1. e4 e5 2. d4 exd4 3. Qxd4 Nc6 4. Qe3 g6 5. Nc3 Bg7 6. Bd2 Qe7 7. O-O-O d6 8. Nd5 Qd8 9. Nf3 Be6 10. Bb5 Ne7 11. Bc3 O-O 12. Nf6+ Kh8 13. h4 h5 14. Ng5 Ne5 15. Bxe5 dxe5 16. Rxd8 Raxd8 17. Nxe6 fxe6 18. Nd7 Rf7 19. Rd1 Kh7 20. Kb1 Bh6 21. Qb3 c6 22. Qxe6 Rg7 23. Nf6+ Kh8 24. Rxd8+ 1-0


[Site "https://www.chess.com"]

[Event "Titled Tuesday Blitz July 25 Late 2023"]
[White "Bazilius, Augustinas"]
[Black "Tsukerman, Julia"]
[WhiteFideId "12832251"]
[BlackFideId "2621649"]
[WhiteElo "2401"]
[BlackElo "2111"]
[Result "0-1"]
[Round "3"]
[TimeControl "180+2"]
[Date "2023.07.25"]
[WhiteClock "0:00:00"]
[BlackClock "0:00:33"]
[Board "184"]

1. d4 d5 2. c4 e6 3. Nf3 Be7 4. g3 Nf6 5. Bg2 O-O 6. O-O dxc4 7. Ne5 Nc6 8. Nxc6 bxc6 9. Na3 Bxa3 10. bxa3 Nd5 11. e4 Nb6 12. Be3 Qe7 13. a4 a5 14. a3 Rd8 15. Qc2 Ba6 16. Rfe1 Qf8 17. Red1 Rd7 18. Bf1 Rad8 19. Be2 Qd6 20. Qc3 Nxa4 21. Qxa5 Bb5 22. Bxc4 Nb2 23. Bxb5 Nxd1 24. Bf4 Qxd4 0-1


[Site "https://www.chess.com"]

[Event "Titled Tuesday Blitz July 25 Late 2023"]
[White "Curtis, John"]
[Black "Vega Gutierrez, Sabrina"]
[WhiteFideId "3200256"]
[BlackFideId "2219026"]
[WhiteElo "2121"]
[BlackElo "2401"]
[Result "0-1"]
[Round "3"]
[TimeControl "180+2"]
[Date "2023.07.25"]
[WhiteClock "0:00:59"]
[BlackClock "0:01:06"]
[Board "185"]

1. e4 c5 2. Nf3 Nc6 3. Bb5 Nf6 4. Bxc6 dxc6 5. d3 g6 6. c4 Bg7 7. h3 O-O 8. O-O Nd7 9. Qe2 e6 10. e5 h6 11. Re1 Re8 12. Nbd2 Nf8 13. Ne4 b6 14. Nd6 g5 15. Nxe8 Qxe8 16. Nh2 Ng6 17. Ng4 Bb7 18. Bd2 Rd8 19. Bc3 Nf4 20. Qe4 b5 21. Re3 Ba6 22. b3 b4 23. Be1 Ng6 24. Rd1 Rd4 25. Qxc6 Qxc6 26. f3 h5 27. Nf6+ Bxf6 28. exf6 g4 29. hxg4 hxg4 30. Bf2 Bb7 31. Ree1 gxf3 32. Bxd4 cxd4 33. g3 f2+ 34. Kf1 Qg2+ 35. Ke2 f1=Q# 0-1


[Site "https://www.chess.com"]

[Event "Titled Tuesday Blitz July 25 Late 2023"]
[White "Bueno, Alfeu Junior Varela"]
[Black "Jahnz, Fabian"]
[WhiteFideId "2108879"]
[BlackFideId "4653300"]
[WhiteElo "2397"]
[BlackElo "2097"]
[Result "0-1"]
[Round "3"]
[TimeControl "180+2"]
[Date "2023.07.25"]
[WhiteClock "0:00:10"]
[BlackClock "0:00:18"]
[Board "186"]

1. e4 c6 2. d4 d5 3. f3 e6 4. Nc3 Bb4 5. Bf4 Ne7 6. Qd3 O-O 7. O-O-O b6 8. Nge2 Ba6 9. Qe3 Nd7 10. h4 Rc8 11. h5 c5 12. h6 g6 13. a3 Bxc3 14. Nxc3 Bxf1 15. Rhxf1 cxd4 16. Qxd4 e5 17. Bxe5 Rc4 18. Qe3 Nxe5 19. Nxd5 Nxd5 20. Rxd5 Qc7 21. Rfd1 Rxc2+ 22. Kb1 Rc5 23. Qd4 Rxd5 24. exd5 f6 25. f4 Ng4 26. d6 Qd7 27. Qd5+ Kh8 28. Re1 Nxh6 29. Re7 Qf5+ 30. Qxf5 Nxf5 31. Rd7 Rc8 32. g4 Nd4 33. Re7 Rd8 34. d7 Nc6 35. Re6 Rxd7 36. Rxc6 Kg7 37. Kc2 h5 38. gxh5 gxh5 39. Rc3 Kg6 40. Rh3 Rd4 41. Rh4 Rd5 42. Kc3 Kf7 43. Kc4 Rf5 44. Kd4 Ke6 45. Ke4 Rc5 46. Rh2 Rc4+ 47. Ke3 Rc5 48. Kf3 Rb5 49. Ke4 a5 50. Kd4 a4 51. Kc4 Rf5 52. Rh4 Kd6 53. Kb4 Kd5 54. Kxa4 Ke4 55. Kb4 Kf3 56. a4 Rxf4+ 57. Rxf4+ Kxf4 58. a5 bxa5+ 59. Kxa5 h4 60. b4 h3 61. b5 h2 62. b6 h1=Q 63. b7 Qxb7 0-1


[Site "https://www.chess.com"]

[Event "Titled Tuesday Blitz July 25 Late 2023"]
[White "Tarnowska, Aleksandra"]
[Black "Foerster-Yialamas, Lucas"]
[WhiteFideId "1180967"]
[BlackFideId "30901774"]
[WhiteElo "2097"]
[BlackElo "2396"]
[Result "1-0"]
[Round "3"]
[TimeControl "180+2"]
[Date "2023.07.25"]
[WhiteClock "0:00:08"]
[BlackClock "0:00:02"]
[Board "187"]

1. e4 e5 2. Nf3 Nc6 3. Bb5 Nf6 4. O-O Bc5 5. c3 a6 6. Ba4 Nxe4 7. d4 exd4 8. cxd4 Bb4 9. d5 Ne7 10. Qd4 Nf6 11. Qxb4 Nfxd5 12. Qd4 O-O 13. Nc3 Nb6 14. Bc2 d5 15. Bxh7+ Kxh7 16. Qh4+ Kg8 17. Ng5 Bf5 18. g4 Bg6 19. f4 f5 20. Ne6 Qd7 21. Nxf8 Rxf8 22. g5 d4 23. Ne2 d3 24. Nc3 d2 25. Bxd2 Qxd2 26. Rf2 Qd4 27. Rd1 Qc5 28. Qg3 Nbd5 29. Nxd5 Nxd5 30. Qd3 Nxf4 31. Qb3+ Kh7 32. Kf1 Nh5 33. Rd3 f4 34. Rh3 Qxg5 35. Qf3 Rd8 36. Re2 Bd3 37. Rxh5+ Kg6 38. Rxg5+ Kxg5 39. h4+ Kf5 40. Qh5+ Kf6 41. Qg5+ Kf7 42. Qxf4+ Kg8 43. Qe3 Rf8+ 44. Kg2 Bxe2 45. Qxe2 c6 46. Qc4+ Kh8 47. Qb4 b5 48. Qg4 Rf6 49. h5 Kh7 50. Qe4+ Kh6 51. Kh3 Kxh5 52. Qg4+ Kh6 53. Qh4+ Kg6 54. Qe4+ Kf7 55. Kg4 Kg8 56. Qe8+ Kh7 57. Kh5 a5 58. b3 Rh6+ 59. Kg5 Rf6 60. Qd8 Rh6 61. Qxa5 Rf6 62. Qc3 Rh6 63. Qd3+ Kg8 64. Qd8+ Kf7 65. Qd7+ Kf8 66. a4 bxa4 67. bxa4 Rf6 68. a5 c5 69. Qc8+ Ke7 70. Qxc5+ Kd7 71. Qb5+ Kc7 72. a6 Rb6 73. Qc5+ Rc6 74. Qe7+ Kb6 75. Qb7+ Kc5 76. a7 Rb6 77. a8=Q Rxb7 78. Qxb7 1-0


[Site "https://www.chess.com"]

[Event "Titled Tuesday Blitz July 25 Late 2023"]
[White "Villarreal, Agustin"]
[Black "Semenova, Alina"]
[WhiteFideId "125687"]
[BlackFideId "24113875"]
[WhiteElo "2390"]
[BlackElo "2078"]
[Result "0-1"]
[Round "3"]
[TimeControl "180+2"]
[Date "2023.07.25"]
[WhiteClock "0:00:01"]
[BlackClock "0:01:13"]
[Board "188"]

1. e4 e5 2. Nf3 Nf6 3. Nxe5 d6 4. Nf3 Nxe4 5. Nc3 Nxc3 6. dxc3 Be7 7. Bc4 Be6 8. Bxe6 fxe6 9. Be3 O-O 10. h4 c5 11. c4 Nc6 12. Ng5 Qd7 13. Qd3 Rf5 14. g4 Ne5 15. Qe2 Rff8 16. f4 Ng6 17. O-O Nxh4 18. Qh2 Bxg5 19. fxg5 Nf3+ 20. Rxf3 Rxf3 21. g6 hxg6 22. Bf4 e5 0-1


[Site "https://www.chess.com"]

[Event "Titled Tuesday Blitz July 25 Late 2023"]
[White "Davidson, Kevin"]
[Black "Hartikainen, Jarmo"]
[WhiteFideId "2056810"]
[BlackFideId "503134"]
[WhiteElo "2387"]
[BlackElo "2075"]
[Result "1-0"]
[Round "3"]
[TimeControl "180+2"]
[Date "2023.07.25"]
[WhiteClock "0:00:10"]
[BlackClock "0:00:12"]
[Board "189"]

1. e4 c5 2. Nf3 Nc6 3. d4 cxd4 4. Nxd4 Nf6 5. Nc3 d6 6. Nd5 e6 7. Nxf6+ Qxf6 8. Nb5 Qd8 9. c4 a6 10. Nc3 Be7 11. Bf4 O-O 12. Qd2 Ne5 13. Be2 Qc7 14. Rc1 Bd7 15. O-O Rac8 16. Rfd1 Rfd8 17. b3 Be8 18. f3 Bf8 19. Be3 Qa5 20. a4 Rb8 21. Bf1 h6 22. Qf2 b6 23. Qb2 b5 24. cxb5 axb5 25. Nxb5 Bxb5 26. Bxb5 Rxb5 27. axb5 Qxb5 28. Qc2 Rb8 29. Rb1 g6 30. Qd2 Kh7 31. h3 Nc6 32. Qd3 Qxd3 33. Rxd3 Nb4 34. Rc3 Bg7 35. Rc7 d5 36. Rxf7 Nc2 37. Bf4 Rf8 38. Rxf8 Bxf8 39. exd5 exd5 40. Rd1 Bc5+ 41. Kf1 Nb4 42. Ke2 d4 43. Bd2 d3+ 44. Ke1 Nc2+ 45. Kf1 Bd4 46. b4 Kg8 47. b5 Kf7 48. g3 Ke6 49. Kg2 Kd5 50. Rb1 Bb6 51. f4 Kc4 52. Kf3 Nd4+ 53. Ke4 Nxb5 54. Be3 Nd6+ 55. Kf3 Bxe3 56. Kxe3 Nb5 57. Kd2 Nd4 58. Rc1+ Nc2 59. Rxc2+ dxc2 60. Kxc2 Kd4 61. Kd2 Ke4 62. Ke2 g5 63. fxg5 hxg5 64. Kf2 Kf5 65. Kf3 Kg6 66. Kg4 Kh6 67. Kf5 Kh5 68. Kf6 Kh6 69. Kf5 Kh5 70. g4+ Kh6 71. Kf6 Kh7 72. Kxg5 Kg7 73. Kf5 Kf7 74. g5 Ke7 75. g6 Kd6 76. Kf6 Kd5 77. g7 Kd4 78. g8=Q Ke3 79. h4 Kf3 80. h5 Kf4 81. h6 Kf3 82. h7 Kf2 83. Qg5 1-0


[Site "https://www.chess.com"]

[Event "Titled Tuesday Blitz July 25 Late 2023"]
[White "Bongo Akanga Ndjila, Barthelemy"]
[Black "Fernandez Diaz, Cristian"]
[WhiteFideId "10609431"]
[BlackFideId "22256687"]
[WhiteElo "2056"]
[BlackElo "2379"]
[Result "0-1"]
[Round "3"]
[TimeControl "180+2"]
[Date "2023.07.25"]
[WhiteClock "0:01:28"]
[BlackClock "0:01:30"]
[Board "190"]

1. d4 Nf6 2. c4 g6 3. Nc3 d5 4. cxd5 Nxd5 5. e4 Nxc3 6. bxc3 Bg7 7. Be3 c5 8. Qd2 Qa5 9. Nf3 O-O 10. Rb1 a6 11. Bd3 Nc6 12. O-O cxd4 13. cxd4 Qxd2 14. Nxd2 Nxd4 15. f3 b5 16. a4 bxa4 17. Nc4 Nb3 18. Nb6 Rb8 19. Nxa4 Bd7 20. Nc5 Nxc5 21. Bxc5 Bb5 22. Bxb5 axb5 23. Bxe7 Rfc8 24. Bd6 Rb6 25. e5 Bf8 26. Rfd1 Rcc6 27. Bxf8 Kxf8 28. Rd5 b4 29. f4 b3 30. Rd3 b2 31. Rd2 Rc1+ 32. Rd1 Rxd1+ 33. Rxd1 b1=Q 0-1


[Site "https://www.chess.com"]

[Event "Titled Tuesday Blitz July 25 Late 2023"]
[White "Haitin, Ilja"]
[Black "Gyulamiryan-koryun"]
[WhiteFideId "4501764"]
[WhiteElo "2373"]
[BlackElo "2053"]
[Result "1-0"]
[Round "3"]
[TimeControl "180+2"]
[Date "2023.07.25"]
[WhiteClock "0:02:46"]
[BlackClock "0:01:22"]
[Board "191"]

1. Nf3 Nf6 2. b3 g6 3. Bb2 Bg7 4. e3 O-O 5. d4 c6 6. c4 e6 7. Be2 d5 8. O-O Nbd7 9. Nc3 a6 10. Rc1 Qa5 11. a3 b5 12. b4 Qd8 13. c5 e5 14. Nxe5 Nxe5 15. dxe5 h5 16. exf6 Bxf6 17. Qd2 d4 18. exd4 Bxd4 19. Bf3 Bd7 20. Qxd4 1-0


[Site "https://www.chess.com"]

[Event "Titled Tuesday Blitz July 25 Late 2023"]
[White "Winkels, Marcel"]
[Black "Campos, Maria Jose"]
[WhiteFideId "1003887"]
[BlackFideId "146803"]
[WhiteElo "2049"]
[BlackElo "2369"]
[Result "1-0"]
[Round "3"]
[TimeControl "180+2"]
[Date "2023.07.25"]
[WhiteClock "0:01:27"]
[BlackClock "0:01:37"]
[Board "192"]

1. e4 e5 2. d4 exd4 3. Nf3 Nc6 4. Bb5 Nf6 5. e5 Ne4 6. O-O Be7 7. Re1 d5 8. exd6 Nxd6 9. Bxc6+ bxc6 10. Nxd4 Bd7 11. Qe2 Kf8 12. Nc3 Bf6 13. Be3 g6 14. Qf3 c5 15. Bh6+ Bg7 16. Bxg7+ Kxg7 17. Nde2 Bf5 18. Ng3 Bxc2 19. Nd5 Ba4 20. Qc3+ Kh6 21. Re5 c6 22. Ne3 c4 23. b3 cxb3 24. axb3 Bb5 25. Ng4+ Kg7 26. Re8+ f6 27. Rxd8 Rhxd8 28. Qxf6+ Kg8 29. Nh6# 1-0


[Site "https://www.chess.com"]

[Event "Titled Tuesday Blitz July 25 Late 2023"]
[White "Gerbelli Neto, Eduardo"]
[Black "Blackwhite017"]
[WhiteFideId "2103281"]
[WhiteElo "2365"]
[BlackElo "2032"]
[Result "1-0"]
[Round "3"]
[TimeControl "180+2"]
[Date "2023.07.25"]
[WhiteClock "0:01:01"]
[BlackClock "0:00:00"]
[Board "194"]

1. e4 c5 2. Nc3 g6 3. f4 Bg7 4. Nf3 Nc6 5. Bc4 e6 6. f5 Nge7 7. fxe6 fxe6 8. d3 O-O 9. O-O b6 10. Bg5 Qc7 11. Qe1 Bb7 12. Qh4 Rae8 13. Nb5 Qb8 14. c3 a6 15. Na3 b5 16. Bb3 d5 17. Rae1 b4 18. cxb4 Bxb2 19. Nc2 cxb4 20. Nxb4 Nxb4 21. Bxe7 Nxd3 22. Bxf8 Nxe1 23. Ng5 h5 24. Qxe1 Rxf8 25. Nxe6 Rxf1+ 26. Qxf1 Qd6 27. exd5 Bxd5 28. Qd3 1-0


[Site "https://www.chess.com"]

[Event "Titled Tuesday Blitz July 25 Late 2023"]
[White "dorpato"]
[Black "Cooklev, Steven"]
[BlackFideId "2050552"]
[WhiteElo "2032"]
[BlackElo "2364"]
[Result "0-1"]
[Round "3"]
[TimeControl "180+2"]
[Date "2023.07.25"]
[WhiteClock "0:00:00"]
[BlackClock "0:00:11"]
[Board "195"]

1. e4 c5 2. Nf3 Nc6 3. d4 cxd4 4. Nxd4 e5 5. Nb5 d6 6. N1c3 a6 7. Na3 Be7 8. Nd5 Nf6 9. f3 Nxd5 10. exd5 Nb8 11. c4 O-O 12. Bd3 Nd7 13. b4 a5 14. Nc2 axb4 15. Nxb4 Nc5 16. O-O f5 17. Be3 Nxd3 18. Qxd3 f4 19. Bf2 Bf5 20. Qd2 Ra4 21. a3 Qa5 22. Qc3 Rc8 23. Qb3 Bd8 24. Rfc1 Bb6 25. Bxb6 Qxb6+ 26. Kh1 Ra5 27. a4 Rca8 28. Ra3 Kf8 29. Rca1 Qd4 30. Nc2 Qd2 31. Ne1 Qf2 0-1


[Site "https://www.chess.com"]

[Event "Titled Tuesday Blitz July 25 Late 2023"]
[White "Osiecki, Stanislaw"]
[Black "Tarasova, Viktoriya"]
[WhiteFideId "1102990"]
[BlackFideId "4175840"]
[WhiteElo "2030"]
[BlackElo "2363"]
[Result "0-1"]
[Round "3"]
[TimeControl "180+2"]
[Date "2023.07.25"]
[WhiteClock "0:00:02"]
[BlackClock "0:00:10"]
[Board "196"]

1. e4 e5 2. Nf3 Nc6 3. Bb5 Nf6 4. d3 Bc5 5. O-O Nd4 6. Nxd4 Bxd4 7. c3 Bb6 8. Bg5 c6 9. Bc4 h6 10. Bh4 O-O 11. Nd2 g5 12. Bg3 d5 13. exd5 cxd5 14. Bb3 Re8 15. Re1 Bc7 16. h4 Bf5 17. hxg5 hxg5 18. Qf3 Bg4 19. Qe3 Nh5 20. d4 f5 21. Bxe5 Nf4 22. f3 Rxe5 23. dxe5 Bb6 24. fxg4 Bxe3+ 25. Rxe3 fxg4 26. g3 Qb6 27. Re1 Kg7 28. Kf1 Nh3 29. e6 Rf8+ 30. Ke2 Rf2+ 31. Kd1 d4 32. Rd3 dxc3 33. bxc3 Rf8 34. e7 Re8 35. Ba4 Nf2+ 36. Kc2 Nxd3 37. Re3 Qxe3 38. Bxe8 Ne1+ 39. Kd1 Qxe7 40. Nc4 Qxe8 41. Nd6 Qd7 42. Kxe1 Qxd6 43. Kf2 Qe5 44. c4 Qc3 45. c5 Qxc5+ 46. Kg2 Qc4 47. a3 Qa2+ 48. Kg1 Qxa3 49. Kh2 Qb2+ 50. Kh1 a5 0-1


[Site "https://www.chess.com"]